Map: Golden Wall LE

Players

Ape

  • Race: Terran Terran
  • League: Master
  • Spawn Location: 5:00

A.I. 1 (Very Easy) - Winner!

  • Race: Zerg Zerg
  • Spawn Location: 7:00

VOD

Have the link to the VOD?

Description

Ape

Time

  • Played on: Aug. 11, 2020, 5:39 p.m.
  • Length: 9:43
Show
View Real Time Build Order
Export as new Build Order

Ape Terran 

Build Orders:  

Get SALT Encoding   

  12  0:00  SCV  
  13  0:12  SCV  
  14  0:17  Supply Depot  
  14  0:24  SCV  
  14  0:28  Refinery  
  15  0:39  SCV  
  16  0:44  Barracks  
  16  0:51  SCV  
  17  1:03  SCV  
  18  1:05  Barracks  
  18  1:18  Barracks  
  18  1:23  SCV  
  19  1:32  Reaper  
  20  1:39  Orbital Command  
  20  1:49  Supply Depot  
  20  1:52  Reaper  
  21  1:57  Refinery  
  21  2:04  Reaper  
  21  2:06  Reaper  
  23  2:10  SCV  
  24  2:23  SCV  
  24  2:24  Reaper  
  24  2:27  Supply Depot  
  26  2:35  SCV  
  27  2:38  Reaper  
  27  2:42  Reaper  
  29  2:47  SCV  
  30  2:56  Reaper  
  31  2:59  SCV  
  31  3:03  Command Center  
  32  3:10  Reaper  
  32  3:11  SCV  
  34  3:16  Reaper  
  35  3:21  Supply Depot  
  35  3:23  SCV  
  36  3:29  Reaper  
  37  3:35  SCV  
  38  3:47  SCV  
  41  3:59  SCV  
  41  4:00  Factory  
  41  4:02  Barracks Reactor x2  
  40  4:03  Barracks Tech Lab  
  40  4:11  Command Center, SCV  
  40  4:16  Orbital Command  
  41  4:24  SCV  
  42  4:25  Stimpack  
  42  4:34  Supply Depot  
  42  4:36  SCV  
  43  4:42  SCV  
  44  4:48  SCV  
  45  4:54  Engineering Bay x2, SCV  
  46  5:00  SCV  
  46  5:03  Factory Reactor  
  46  5:04  Starport  
  46  5:06  SCV  
  48  5:08  Refinery  
  48  5:10  Refinery  
  48  5:12  SCV  
  49  5:18  SCV  
  50  5:22  Terran Infantry Weapons Level 1  
  50  5:23  Terran Infantry Armor Level 1  
  50  5:24  SCV, Supply Depot  
  53  5:30  SCV, Orbital Command  
  52  5:36  SCV  
  52  5:42  SCV  
  54  5:44  Marine x5  
  54  5:48  SCV  
  60  5:54  SCV  
  61  5:57  Orbital Command  
  61  6:00  SCV  
  61  6:01  Marine  
  61  6:02  Marine x4  
  67  6:04  Combat Shield  
  67  6:05  Medivac x2  
  67  6:06  SCV  
  67  6:07  Factory Reactor  
  72  6:12  SCV  
  72  6:15  Barracks  
  72  6:17  Barracks  
  73  6:18  SCV  
  73  6:20  Marine x3  
  73  6:21  Marine  
  73  6:22  Marine  
  73  6:25  SCV x2  
  81  6:30  SCV  
  81  6:31  Armory  
  82  6:37  SCV  
  82  6:38  Marine x3  
  82  6:39  Marine x2  
  87  6:43  Supply Depot  
  87  6:44  Supply Depot  
  87  6:45  SCV  
  87  6:46  SCV  
  90  6:48  Supply Depot  
  90  6:51  SCV  
  91  6:57  SCV  
  91  6:58  SCV  
  93  7:04  Barracks Reactor x2  
  93  7:05  Marine x5, SCV  
  99  7:09  Widow Mine x2  
  99  7:10  SCV x2  
  105  7:15  Refinery  
  105  7:18  Terran Infantry Weapons Level 2, Terran Infantry Armor Level 2  
  105  7:23  Marine  
  105  7:24  Marine x4  
  105  7:26  SCV  
  105  7:27  SCV  
  105  7:29  Supply Depot  
  112  7:30  Supply Depot  
  112  7:32  Supply Depot  
  112  7:35  Widow Mine x2  
  116  7:46  Supply Depot  
  116  7:47  Supply Depot  
  116  7:49  Marine  
  116  7:51  Marine x4, Medivac x2  
  125  7:52  Marine x4  
  129  8:01  Supply Depot x2  
  129  8:02  Widow Mine x2  
  133  8:09  Marine x4  
  133  8:10  Marine x4  
  133  8:11  Marine  
  142  8:14  Supply Depot  
  142  8:16  Supply Depot  
  142  8:22  Medivac  
  142  8:23  Hellion  
  142  8:24  Medivac  
  142  8:26  Widow Mine  
  150  8:31  Marine x6  
  150  8:32  Barracks  
  150  8:33  Marine x2  
  158  8:34  Marine, Barracks  
  158  8:35  Barracks  
  159  8:50  Marine x6  
  159  8:51  Marine  
  159  8:53  Widow Mine  
  159  8:55  Widow Mine  
  170  8:56  Marine  
  170  8:59  Medivac  
  170  9:01  Medivac, Command Center  
  176  9:08  Marine x2  
  176  9:09  Marine x5  
  183  9:11  Marine  
  183  9:23  Barracks Tech Lab x2  
  183  9:24  Starport, Barracks Tech Lab  
  183  9:28  Starport  
  183  9:29  Fusion Core  
Show
View Real Time Build Order
Export as new Build Order

A.I. 1 (Very Easy) Zerg - Winner!

Build Orders: Pool First 

Get SALT Encoding   

  12  0:00  Drone  
  13  0:12  Overlord  
  13  0:17  Drone  
  14  0:35  Spawning Pool  
  13  0:36  Extractor  
  13  0:39  Drone  
  13  0:46  Drone  
  14  0:51  Overlord  
  14  1:22  Zergling x2  
  14  1:23  Queen  
  17  1:30  Roach Warren  
  16  1:33  Drone  
  16  1:37  Extractor  
  16  1:41  Drone  
  16  1:42  Zergling x2  
  18  1:55  Drone  
  19  2:03  Zergling x2  
  19  2:05  Drone  
  21  2:16  Drone  
  22  2:27  Drone  
  23  2:30  Overlord  
  23  2:34  Drone  
  24  2:41  Drone  
  25  3:48  Zergling x2  
  25  6:06  Lair, Roach, Drone  
  25  6:07  Overlord  
  28  6:13  Drone  
  29  6:20  Drone  
  30  6:27  Drone  
  31  6:35  Drone  
  29  6:48  Roach  
  31  7:04  Overseer  
  31  7:07  Overseer  
  31  7:31  Roach  
  33  7:45  Hatchery  
  32  8:14  Zergling x2  
  33  8:57  Drone  
  34  9:05  Extractor, Drone  
  34  9:07  Overseer  
  34  9:09  Extractor  
  33  9:12  Drone  
  34  9:19  Drone  
  35  9:26  Drone  
Tags
 
League
Master
Matchup
TvZ
Opening
Pool First
Spawn Locations
Close Positions
Add a new tag
Caveats
  • Supply blocks, unpowered buildings, or Contaminate may cause inaccurate times.
  • Supply counts are checked every 10 seconds.